 Dungeon Crawl Stone Soup version 0.30-a0-1075-gcd70e7a56d (webtiles) character file.

Game seed: 11730120969984119465

586 Aneyh the Trooper (level 7, 0/47 HPs)
             Began as a Tengu Fighter on Apr 15, 2023.
             Slain by an orc
             ... wielding a +0 flail
              (7 damage)
             ... on level 4 of the Dungeon.
             The game lasted 00:05:15 (3916 turns).

Aneyh the Trooper (Tengu Fighter)                   Turns: 3916, Time: 00:05:16

Health: 0/47       AC: 10    Str: 18    XL:     7   Next: 37%
Magic:  8/8        EV: 11    Int:  9    God:
Gold:   212        SH:  0    Dex: 13    Spells: 6/6 levels left

rFire   . . .      SeeInvis .    a - +0 trident
rCold   . . .      Faith    .    c - +0 buckler
rNeg    . . .      Spirit   .    b - +0 scale mail
rPois   .          Reflect  .    (helmet restricted)
rElec   .          Rampage  .    (no cloak)
rCorr   +                        A - +2 pair of gloves
Will    .....                    (boots unavailable) Stlth
                                 (no amulet)
HPRegen 0.27/turn                v - ring of resist corrosion
MPRegen 0.11/turn                f - ring of resist corrosion

@: confused, flying quickly and evasively, quick
A: beak, talons 3, nimble flight
a: no special abilities


You were on level 4 of the Dungeon.
You visited 1 branch of the dungeon, and saw 5 of its levels.

You collected 212 gold pieces.

Inventory:

Hand Weapons
 a - a +0 trident (weapon)
Armour
 b - a +0 scale mail (worn)
 c - a +0 buckler (worn)
 A - a +2 pair of gloves (worn)
Magical Staves
 e - a staff of fire
Jewellery
 f - a ring of resist corrosion (right hand)
 j - a ring of flight
 v - a ring of resist corrosion (left hand)
Wands
 n - a wand of digging (3)
 y - a wand of quicksilver (7)
Scrolls
 h - 2 scrolls of blinking {unknown}
 i - 4 scrolls of identify {unknown}
 k - 2 scrolls of poison {unknown}
 m - 2 scrolls of teleportation {unknown}
 p - 2 scrolls of fog {unknown}
 r - 2 scrolls of fear {unknown}
 s - a scroll of enchant weapon {unknown}
 t - a scroll of acquirement {unknown}
 u - 2 scrolls of immolation {unknown}
 w - a scroll of torment {unknown}
Potions
 d - 2 potions of might
 g - 6 potions of degeneration {unknown}
 l - a potion of brilliance {unknown}
 o - 2 potions of cancellation {unknown}
 q - 3 potions of ambrosia {unknown}
 x - 2 potions of heal wounds {unknown}
 z - a potion of mutation {unknown}


   Skills:
 * Level 6.8 Fighting
 - Level 2.1 Polearms
 - Level 6.0 Armour
 + Level 0.5 Dodging
 - Level 3.0 Shields


You had 6 spell levels left.
You didn't know any spells.
Your spell library contained the following spells:

 Spells                   Type           Power      Damage    Failure   Level
 Passage of Golubria      Tloc           0%         N/A       100%        4
 Silence                  Hex/Air        0%         N/A       100%        5
 Lehudib's Crystal Spear  Conj/Erth      0%         10d2      100%        8


Dungeon Overview and Level Annotations

Branches:
Dungeon (5/15)
 Temple: D:4-7

Altars:

Annotations:
D:4 1 runed translucent door, Eustachio; Sigmund; rinse's ghost, novice VSEn


Innate Abilities, Weirdness & Mutations

You have a beak for a mouth.
You have claws for feet.
Your magical nature lets you fly swiftly and evasively.


Message History

Eustachio hits you with a +0 rapier. The orc hits you but does no damage.
The orc hits you with a +0 club. You block the white imp's attack.
You miss Eustachio. You claw Eustachio, but do no damage.
Your peck misses Eustachio.
Eustachio is almost dead.
Eustachio casts a spell.
Something hits you but does no damage. The orc hits you with a +0 flail.
The white imp hits you but does no damage.
The orc closely misses you.
You hear some strange, mumbled words.
A magic dart appears from out of thin air!
The magic dart hits you! The orc hits you but does no damage.
Eustachio mumbles some strange words.
The orc hits you but does no damage.
The white imp hits you but does no damage.
You hit Eustachio but do no damage. Your kick misses Eustachio.
Your peck misses Eustachio.
Eustachio is almost dead.
The orc completely misses you. Eustachio hits you with a +0 rapier.
The white imp gestures at you. The puff of frost hits you.
The orc hits you with a +0 flail!
* * * LOW HITPOINT WARNING * * *
Something hits you but does no damage. The crimson imp misses you.
You closely miss Eustachio.
Eustachio is almost dead.
The bat barely misses you. The bat hits you but does no damage.
Eustachio hits you but does no damage. The orc barely misses you.
Something hits you but does no damage. The orc misses you.
The white imp closely misses you. You block the crimson imp's attack.
You block the bat's attack.
You closely miss Eustachio. Your kick misses Eustachio.
Your peck misses Eustachio.
Eustachio is almost dead.
The bat barely misses you. Eustachio hits you with a +0 rapier.
* * * LOW HITPOINT WARNING * * *
The orc barely misses you.
You hear some strange, mumbled words.
You are confused.
The orc hits you with a +0 flail!
You die...

#####.....@..#### .
#.....#o##...
#.....#...... ...
#.....#..........
#####.#....... ..
#######...##..#....
#..........#..##.#.
#b@o.........###.#.
#.@ob......#.# #.#.
#55{.......#.# #...
#.......>....###...
#...)>............@
#....).............
#.............####.
###..##<.##.#.# #..
#.....##..#.###..
########.##...#..


You could see Eustachio, a crimson imp (summoned), a white imp (summoned), 2
orcs and 2 bats.

Vanquished Creatures
  Menkaure (D:5)
  An ogre (D:5)
  A phantom (D:5)
  2 jellies (D:5)
  A hound (D:2)
  2 iguanas (D:5)
  A sleepcap (D:5)
  Robin (D:4)
  4 adders
  2 worms (D:2)
  3 dart slugs
  7 orcs
  5 endoplasms
  19 goblins
  8 hobgoblins
  6 jackals
  8 kobolds
  3 quokkas
  6 ball pythons
  4 bats
  4 frilled lizards
  5 rats
94 creatures vanquished.

Vanquished Creatures (others)
  6 plants (D:2)
6 creatures vanquished.

Grand Total: 100 creatures vanquished

Notes
Turn   | Place    | Note
-------+----------+-------------------------------------------
     0 | D:1      | Aneyh the Tengu Fighter began the quest for the Orb.
     0 | D:1      | Reached XP level 1. HP: 14/14 MP: 2/2
   266 | D:2      | Reached XP level 2. HP: 19/19 MP: 3/3
   444 | D:3      | Reached XP level 3. HP: 23/24 MP: 4/4
   820 | D:4      | Reached XP level 4. HP: 28/29 MP: 5/5
   847 | D:4      | Noticed Robin
   855 | D:4      | Killed Robin
   989 | D:4      | Noticed Sigmund
  1386 | D:2      | Gained mutation: Your magical nature lets you fly swiftly
                  | and evasively. [Tengu growth]
  1386 | D:2      | Reached XP level 5. HP: 30/34 MP: 6/6
  1924 | D:1      | Found a faded altar of an unknown god.
  2216 | D:1      | Reached skill level 5 in Fighting
  2507 | D:4      | Noticed Eustachio
  2508 | D:4      | Found a runed translucent door.
  2508 | D:4      | Noticed rinse's ghost (novice VSEn)
  2598 | D:5      | Entered Level 5 of the Dungeon
  2671 | D:5      | Reached skill level 5 in Armour
  2712 | D:5      | Reached XP level 6. HP: 31/40 MP: 7/7
  3014 | D:5      | Noticed Menkaure
  3020 | D:5      | Killed Menkaure
  3021 | D:5      | Reached XP level 7. HP: 45/47 MP: 8/8
  3916 | D:4      | Slain by an orc

Illustrated notes

Levels and vault maps discovered:
D:1:      giann_wishing_wells, layout_basic, serial_rivers,
          chequers_serial_rivers_room_b, chequers_serial_rivers_micro_c,
          chequers_serial_rivers_large_b, chequers_serial_rivers_micro_e,
          chequers_serial_rivers_micro_a, chequers_serial_rivers_small_3,
          shapermc_ecumenical_altar_pompeii
D:2:      layout_basic, serial_bayou_lake_a
D:3:      layout_rooms
D:4:      layout_rooms, ebering_ghost_reflecting_pool, uniq_robin,
          uniq_eustachio, uniq_sigmund
D:5:      layout_basic, uniq_menkaure

Skill      XL: |  1  2  3  4  5  6 |
---------------+-------------------+-----
Fighting       | 4 5 6 |  6.8
Armour         | 4 5 6 |  6.0
Polearms       | |  2.1
Dodging        | |  0.5
Shields        | |  3.0

Action                     |  1- 3 |  4- 6 |  7- 9 || total
---------------------------+-------+-------+-------++-------
  Melee: Trident           |    76 |   162 |    41 ||   279
         Kick              |    14 |    41 |     9 ||    64
         Peck              |     4 |    21 |     5 ||    30
 Armour: Scale mail        |    13 |    81 |    24 ||   118
  Dodge: Dodged            |    16 |    77 |    20 ||   113
  Block: Buckler           |    10 |    31 |     7 ||    48

Table legend: (Time is in decaauts)
 A = Elapsed time spent in this place.
 B = Non-inter-level travel time spent in this place.
 C = Inter-level travel time spent in this place.
 D = Time resting spent in this place.
 E = Time spent auto-exploring this place.
 F = Levels seen in this place.
 G = Mean time per level.
                   A        B        C        D        E       F      G
               +--------+--------+--------+--------+--------+-----+--------+
         Total |   3800 |   3545 |    255 |    380 |   2396 |   5 |  760.0 |
       Dungeon |   3800 |   3545 |    255 |    380 |   2396 |   5 |  760.0 |
               +--------+--------+--------+--------+--------+-----+--------+

Top non-repeatable levels by time:
     D:5: 1216 daAuts
     D:2: 883 daAuts
     D:1: 823 daAuts
     D:3: 527 daAuts
     D:4: 350 daAuts
